[ AOE2 MATCH · #505718160 ]
UnrankedHuns vs Persians
Player's team · LOSS
Rival team · WIN
[ REPLAY ANALYSIS · EXTRACTED FROM THE RECORDED GAME ]
Feudal
8:51
Castle
—
Imperial
—
| APM avg | 81.2 |
| APM peak | 104 |
| eAPM avg | 22.6 |
| Villagers / military | 20 / 4 |
Focus
⚔️ 38.8% · 🌾 61.2%
Militia ×4
Feudal
8:40
Castle
—
Imperial
—
| APM avg | 55.7 |
| APM peak | 84 |
| eAPM avg | 15.1 |
| Villagers / military | 29 / 0 |
Focus
⚔️ 28.7% · 🌾 71.3%
Match map
Initial resources + every placement click. Lines = walls · curves = elevation contours. ◆ gold · ⬟ stone · ● berries · ✦ relic · ◌ wall gap
Your base
~BroKen~'s base
Smoothed initial terrain · ◌ = detected wall gap · hover for details
Inputs per minute
— unfold - - ~BroKen~
Build order — unfold
33 actions detected in the replay
| 0:00 | Create | Villager (Male) |
| 0:01 | Create | Villager (Male) |
| 0:15 | Create | Villager (Male) |
| 0:16 | Create | Villager (Male) |
| 1:17 | Create | Villager (Male) |
| 1:17 | Create | Villager (Male) |
| 1:50 | Create | Villager (Male) |
| 1:50 | Create | Villager (Male) |
| 2:05 | Create | Villager (Male) |
| 2:25 | Build | Lumber Camp |
| 2:41 | Create | Villager (Male) |
| 2:41 | Create | Villager (Male) |
| 3:06 | Create | Villager (Male) |
| 3:35 | Create | Villager (Male) |
| 3:35 | Create | Villager (Male) |
| 4:00 | Create | Villager (Male) |
| 4:00 | Create | Villager (Male) |
| 4:15 | Create | Villager (Male) |
| 4:23 | Create | Villager (Male) |
| 5:04 | Create | Villager (Male) |
| 5:55 | Build | Barracks |
| 5:58 | Research | Loom |
| 6:37 | Research | Feudal Age |
| 6:47 | Create | Militia |
| 6:47 | Create | Militia |
| 7:00 | Create | Militia |
| 7:16 | Build | Mill |
| 7:24 | Build | Palisade Wall |
| 7:25 | Build | Palisade Wall |
| 7:30 | Create | Militia |
| 8:06 | Build | Palisade Wall |
| 8:35 | Create | Villager (Male) |
| 8:51 | Age | Feudal Age |
Build order — ~BroKen~
55 actions detected in the replay
| 0:01 | Create | Villager (Male) |
| 0:01 | Create | Villager (Male) |
| 0:01 | Create | Villager (Male) |
| 0:02 | Build | House |
| 0:05 | Build | House |
| 0:19 | Create | Villager (Male) |
| 0:20 | Create | Villager (Male) |
| 0:20 | Create | Villager (Male) |
| 1:25 | Create | Villager (Male) |
| 1:25 | Create | Villager (Male) |
| 1:25 | Create | Villager (Male) |
| 1:50 | Create | Villager (Male) |
| 1:50 | Create | Villager (Male) |
| 2:16 | Create | Villager (Male) |
| 2:16 | Create | Villager (Male) |
| 2:16 | Create | Villager (Male) |
| 2:32 | Build | Lumber Camp |
| 2:42 | Create | Villager (Male) |
| 2:43 | Create | Villager (Male) |
| 3:04 | Create | Villager (Male) |
| 3:08 | Create | Villager (Male) |
| 3:08 | Create | Villager (Male) |
| 3:22 | Build | House |
| 3:23 | Build | House |
| 4:00 | Create | Villager (Male) |
| 4:00 | Create | Villager (Male) |
| 4:00 | Create | Villager (Male) |
| 4:07 | Create | Villager (Male) |
| 4:28 | Build | Mill |
| 4:33 | Create | Villager (Male) |
| 4:33 | Create | Villager (Male) |
| 5:24 | Create | Villager (Male) |
| 5:25 | Create | Villager (Male) |
| 5:49 | Research | Loom |
| 6:01 | Create | Villager (Male) |
| 6:17 | Build | Palisade Wall |
| 6:18 | Build | Palisade Wall |
| 6:25 | Build | Palisade Wall |
| 6:27 | Build | Palisade Wall |
| 6:29 | Build | Palisade Wall |
| 6:30 | Build | Palisade Wall |
| 6:32 | Build | Palisade Wall |
| 6:37 | Research | Feudal Age |
| 6:37 | Research | Feudal Age |
| 7:07 | Build | Palisade Wall |
| 7:10 | Build | Palisade Wall |
| 7:41 | Build | Palisade Wall |
| 7:42 | Build | Palisade Wall |
| 7:44 | Build | Palisade Wall |
| 7:48 | Build | Palisade Wall |
| 7:49 | Build | Palisade Wall |
| 7:53 | Build | Barracks |
| 7:54 | Create | Villager (Male) |
| 8:40 | Age | Feudal Age |
| 8:45 | Build | Stable |
Match timeline
| 5:55 | unfold · first_building Barracks |
| 6:17 | ~BroKen~ · wall_segment Palisade Wall x1 |
| 6:18 | ~BroKen~ · wall_segment Palisade Wall x1 |
| 6:25 | ~BroKen~ · wall_segment Palisade Wall x1 |
| 6:27 | ~BroKen~ · wall_segment Palisade Wall x1 |
| 6:29 | ~BroKen~ · wall_segment Palisade Wall x1 |
| 6:30 | ~BroKen~ · wall_segment Palisade Wall x1 |
| 6:32 | ~BroKen~ · wall_segment Palisade Wall x1 |
| 7:07 | ~BroKen~ · wall_segment Palisade Wall x1 |
| 7:10 | ~BroKen~ · wall_segment Palisade Wall x1 |
| 7:24 | unfold · wall_segment Palisade Wall x5 |
| 7:25 | unfold · wall_segment Palisade Wall x5 |
| 7:41 | ~BroKen~ · wall_segment Palisade Wall x1 |
| 7:42 | ~BroKen~ · wall_segment Palisade Wall x1 |
| 7:44 | ~BroKen~ · wall_segment Palisade Wall x1 |
| 7:48 | ~BroKen~ · wall_segment Palisade Wall x1 |
| 7:49 | ~BroKen~ · wall_segment Palisade Wall x1 |
| 7:53 | ~BroKen~ · first_building Barracks |
| 8:06 | unfold · wall_segment Palisade Wall x7 |
| 8:40 | ~BroKen~ · age_up feudal |
| 8:45 | ~BroKen~ · first_building Stable |
| 8:51 | unfold · age_up feudal |
| 8:55 | unfold · resign |
[ AI ANALYSIS · 1 CREDIT ]
What really happened in this match?
Wolo.gg analyzes every decision: build order, eco, micro, common mistakes by bracket. Personalized analysis on WhatsApp or Discord in 30 seconds.
Civ guide
Huns
Perfil
Jugador #20944940